 Dungeon Crawl Stone Soup version 0.18.1-48-g4cf74bf (webtiles) character file.

25 Slippy the Sneak (level 2, 3/13 HPs)
             Began as a Spriggan Enchanter on July 21, 2016.
             Quit the game on level 2 of the Dungeon.
             The game lasted 00:04:36 (1117 turns).

Slippy the Sneak (Spriggan Enchanter)               Turns: 1117, Time: 00:04:37

Health: 3/13       AC:  3    Str:  4    XL:     2   Next: 82%
Magic:  0/7        EV: 18    Int: 16    God:
Gold:   81         SH:  0    Dex: 16    Spells: 2 memorised, 4 levels left

rFire  . . .     SeeInvis +     a - +1 dagger
rCold  . . .     Gourm    .     b - +1 robe
rNeg   . . .     Faith    .     (shield restricted)
rPois  .         Spirit   .     (helmet restricted)
rElec  .         Dismiss  .     (no cloak)
rCorr  .         Reflect  .     (gloves unavailable)
SustAt .         Harm     .     (boots unavailable)
MR     .....                    (no amulet)
Stlth  +++.......               (no ring)
                                (no ring)

@: very slightly contaminated, very quick, not resistant to hostile
enchantments, fairly stealthy
A: unfitting armour, see invisible, herbivore 3, speed 3, slow metabolism 2
a: no special abilities


You were on level 2 of the Dungeon.
You were not hungry.

You visited 1 branch of the dungeon, and saw 2 of its levels.

You collected 81 gold pieces.

Inventory:

Hand Weapons
 a - a +1 dagger (weapon)
Missiles
 c - a throwing net (quivered)
Armour
 b - a +1 robe (worn)
Scrolls
 e - a scroll of remove curse
 g - 2 scrolls of teleportation
 j - a scroll of identify {unknown}
 l - a scroll of recharging {unknown}
Potions
 f - a potion of agility {unknown}
 h - a potion of cancellation {unknown}
 k - a potion of haste {unknown}
Books
 i - a book of Maledictions

   Spells                             Type                      Level
   a - Corona                         Hexes                        1
   b - Ensorcelled Hibernation        Hexes/Ice                    2
   c - Confuse                        Hexes                        3
   d - Tukima's Dance                 Hexes                        3
   e - Dazzling Spray                 Conjuration/Hexes            3
Comestibles
 d - a bread ration


   Skills:
 - Level 1.1 Short Blades
 - Level 3.0 Dodging
 + Level 4.8 Stealth
 * Level 3.4 Spellcasting
 * Level 4.2 Hexes


You had 4 spell levels left.
You knew the following spells:

 Your Spells              Type           Power        Failure   Level  Hunger
a - Corona                Hex            ###....      3%          1    None
b - Ensorcelled Hibernat  Hex/Ice        #.....       14%         2    ##.....


Dungeon Overview and Level Annotations

Branches:
Dungeon (2/15)

Altars:

Annotations:
D:2 Sigmund


Innate Abilities, Weirdness & Mutations

You are tiny and cannot use many weapons and most armour.
You have supernaturally acute eyesight.
You are a herbivore.
You cover ground extremely quickly.
You need consume almost no food.


Message History

Sigmund resists with some effort.
The giant cockroach closely misses you.
Casting: Ensorcelled Hibernation
Confirm with . or Enter, or press ? or * to list all spells.
Aiming: Ensorcelled Hibernation
Press: ? - help, Shift-Dir - straight line, f/p - Sigmund
Aim: Sigmund, wielding a scythe and wearing a robe (chance to defeat MR: 50%) Sigmund resists with some effort.
The giant cockroach closely misses you. Sigmund closely misses you.
The goblin shoots a sling bullet.
The sling bullet misses you. The giant cockroach misses you.
Casting: Ensorcelled Hibernation
Confirm with . or Enter, or press ? or * to list all spells.
You don't have enough magic to cast that spell.
The giant cockroach misses you. Sigmund misses you.
The goblin shoots a sling bullet.
The sling bullet closely misses you.
Unknown command.
The goblin shoots a sling bullet.
The sling bullet hits you but does no damage.
You see here a sling bullet.
Unknown command.
Are you sure you want to abandon this character and quit the game? (Confirm with "yes".)

########## ####
#...(....# #...
#.@.s....# #...
#..(.@...# #...
#.....(..# #...
##..g.....# #...
............# #...
####......!># #...
[..........######## #...
.$......?.........###...
.........................
.....#####'#.#####.######


You could see Sigmund, a giant cockroach and a goblin.

Vanquished Creatures
  An ooze (D:1)
  A dart slug (D:1)
  A ball python (D:2)
  2 bats
  2 giant cockroaches
  2 goblins (D:1)
  A giant newt (D:1)
  3 kobolds
  8 rats
21 creatures vanquished.

Notes
Turn   | Place    | Note
--------------------------------------------------------------
     0 | D:1      | Slippy the Spriggan Enchanter began the quest for the Orb.
     0 | D:1      | Reached XP level 1. HP: 9/9 MP: 5/5
   145 | D:1      | Reached XP level 2. HP: 9/13 MP: 7/7
   149 | D:1      | Learned a level 2 spell: Ensorcelled Hibernation
  1093 | D:2      | Noticed Sigmund
  1117 | D:2      | Quit the game

Skill      XL: |  1  2 |
---------------+-------+-----
Spellcasting   | 3 |  3.4
Hexes          | 4 |  4.2
Short Blades   | |  1.1
Dodging        | |  3.0
Stealth        | |  4.8

Action                   || total
-------------------------++-------
Melee: Dagger            ||    72
 Cast: Ensorcelled Hiber ||     5
  Use: Scroll            ||     2
 Stab: Sleeping          ||    12
Armor: Robe              ||     9
Dodge: Dodged            ||    64
